 Dungeon Crawl Stone Soup version 0.23.1 (webtiles) character file.

Game seed: 11733962157789711926

74 misha the Skirmisher (level 4, 0/41 HPs)
             Began as a Draconian Berserker on Mar 2, 2019.
             Was a Believer of Trog.
             Succumbed to an adder's poison
             ... on level 2 of the Dungeon.
             The game lasted 00:04:00 (1397 turns).

misha the Skirmisher (Draconian Berserker)          Turns: 1397, Time: 00:04:01

Health: 0/41       AC:  5    Str: 20    XL:     4   Next: 9%
Magic:  4/4        EV: 13    Int:  7    God:    Trog [**....]
Gold:   46         SH:  0    Dex: 11    Spells: 3/3 levels left

rFire    . . .     SeeInvis .   a - +0 spear
rCold    . . .     Gourm    .   (no shield)
rNeg     . . .     Faith    .   (armour unavailable)
rPois    .         Spirit   .   (helmet restricted)
rElec    .         Reflect  .   (no cloak)
rCorr    .         Harm     .   (no gloves)
MR       .....                  (no boots)
Stlth    +.........             (no amulet)
HPRegen  0.13/turn              (no ring)
MPRegen  0.09/turn              (no ring)

@: lethally poisoned (0 -> -8), berserk cooldown, slowed, very slow
A: unfitting armour, cold-blooded, AC +5
a: Berserk, Trog's Hand, Renounce Religion


You were on level 2 of the Dungeon.
You worshipped Trog.
Trog was pleased with you.
You were not hungry.

You visited 1 branch of the dungeon, and saw 2 of its levels.

You collected 46 gold pieces.

Inventory:

Hand Weapons
 a - a +0 spear (weapon)
Missiles
 i - 38 sling bullets
 j - 45 stones (quivered)
 k - 19 poisoned needles
 l - 27 bolts
 m - 21 arrows
Wands
 q - a wand of polymorph (10)
Scrolls
 c - a scroll of blinking {unknown}
 d - a scroll of magic mapping {unknown}
 f - a scroll of fog {unknown}
 g - 2 scrolls of identify {unknown}
 p - a scroll of fear {unknown}
Potions
 e - 4 potions of curing {unknown}
 h - a potion of flight {unknown}
 n - a potion of ambrosia {unknown}
Comestibles
 b - 5 rations


   Skills:
 + Level 4.4 Fighting
 + Level 3.9 Polearms
 - Level 3.0 Dodging


You had 3 spell levels left.
You didn't know any spells.
Your spell library was empty.

Dungeon Overview and Level Annotations

Branches:
Dungeon (2/15)

Altars:


Innate Abilities, Weirdness & Mutations

Your plain brown scales are hard. (AC +5)
You cannot fit into any form of body armour.
You are cold-blooded and may be slowed by cold attacks.


Message History

You feel sick.
Things that are here:
a +0 dagger; a +0 hunting sling; a goblin corpse You feel your anger nearly subside.
You are no longer berserk.
You are exhausted.
You feel yourself slow down.
* * * LOW HITPOINT WARNING * * *
You feel sick.
Things that are here:
a +0 dagger; a +0 hunting sling; a goblin corpse
There is a lethal amount of poison in your body!
There is a lethal amount of poison in your body!
There is a lethal amount of poison in your body!
There is a lethal amount of poison in your body!
There is a lethal amount of poison in your body!
There is a lethal amount of poison in your body!
There is a lethal amount of poison in your body!
There is a lethal amount of poison in your body!
You eat one of the 6 rations.
That ration really hit the spot!
You die...

# ## .#
.########################.P
<...........).).@.........P
.[......##################.
.####.#...## .. ##
#..<....###########....[
#####...................
##.........♣.♣....
#........#.....
##.....♣.♣.♣.♣..
#...............


There were no monsters in sight!

Vanquished Creatures
  Robin (D:2)
  An adder (D:2)
  2 dart slugs (D:1)
  2 leopard geckos (D:1)
  4 giant cockroaches (D:1)
  8 goblins
  5 hobgoblins
  8 jackals
  2 kobolds (D:1)
  4 bats
  3 rats
40 creatures vanquished.

Notes
Turn   | Place    | Note
-------+----------+-------------------------------------------
     0 | D:1      | misha the Draconian Berserker began the quest for the Orb.
     0 | D:1      | Reached XP level 1. HP: 19/19 MP: 1/1
    91 | D:1      | Reached XP level 2. HP: 26/26 MP: 2/2
   558 | D:1      | Reached XP level 3. HP: 32/33 MP: 3/3
   759 | D:1      | Reached skill level 4 in Fighting
  1052 | D:2      | Reached ** piety under Trog
  1268 | D:2      | Noticed Robin
  1284 | D:2      | Killed Robin
  1391 | D:2      | Reached XP level 4. HP: 7/41 MP: 4/4
  1396 | D:2      | HP: 1/41 [poisoned by an adder]
  1397 | D:2      | Succumbed to an adder's poison

Skill      XL: |  1  2  3 |
---------------+----------+-----
Dodging        | 3 |  3.0
Fighting       | 4 |  4.4
Polearms       | |  3.9

Action                   |  1- 3 |  4- 6 || total
-------------------------+-------+-------++-------
Melee: Spear             |   139 |       ||   139
       Tailslap          |    15 |       ||    15
Invok: Berserk           |     2 |       ||     2
  Eat: Chunk             |     2 |       ||     2
       Ration            |       |     1 ||     1
Armor: Skin              |    29 |       ||    29
Dodge: Dodged            |    53 |       ||    53
